 Dungeon Crawl Stone Soup version 0.29.0-7-g18a832c13a (webtiles) character file.

Game seed: 9656870949770213907

16 SnakkuSnakku7 the Trooper (level 2, -4/25 HPs)
             Began as a Djinni Chaos Knight on Aug 31, 2022.
             Was a Plaything of Xom.
             Slain by a quokka (5 damage)
             ... on level 2 of the Dungeon.
             The game lasted 00:01:19 (821 turns).

SnakkuSnakku7 the Trooper (Djinni Chaos Knight)      Turns: 821, Time: 00:01:19

Health: -4/25      AC:  5    Str: 11    XL:     2   Next: 70%
Gold:   23         EV: 11    Int: 13    God:    Xom [..*...] SH:  0 Dex: 12

rFire   + + .      SeeInvis .   a - +0 falchion (chaos)
rCold   x . .      Faith    .   (no shield)
rNeg    . . .      Spirit   .   b - +2 leather armour
rPois   ∞          Reflect  .   (no helmet)
rElec   .          Harm     .   (no cloak)
rCorr   .          Rampage  .   (no gloves)
Will    .....                   (boots unavailable)
Stlth   +.........              (no amulet)
HPRegen 0.08/turn               (no ring)
MPRegen 0.00/turn               (no ring)

@: flying
A: sickness immunity, fire resistance 2, cold vulnerability 1, float, innate
caster, HP casting, extra vitality 1
a: Renounce Religion


You were on level 2 of the Dungeon.
You worshipped Xom.
You were a toy of Xom.
You visited 1 branch of the dungeon, and saw 2 of its levels.

You collected 23 gold pieces.

Inventory:

Hand Weapons
 a - a +0 falchion of chaos (weapon)
Armour
 b - a +2 leather armour (worn)
Jewellery
 g - an amulet of faith
 h - an amulet of the acrobat
 i - an amulet of guardian spirit
Potions
 d - a potion of curing {unknown}
 e - a potion of berserk rage {unknown}
 f - a potion of cancellation {unknown}
Miscellaneous
 c - a piece from Xom's chessboard (15/15) (quivered)


   Skills:
 - Level 3.0 Fighting
 - Level 2.6 Long Blades
 - Level 1.0 Armour
 - Level 2.1 Dodging
 + Level 1.5 Spellcasting


You had 4 spell levels left.
You didn't know any spells.
Your spell library was empty.

Dungeon Overview and Level Annotations

Branches:
Dungeon (2/15)

Altars:


Innate Abilities, Weirdness & Mutations

You are immune to sickness and miasma.
You are immune to poison.
Your flesh is very heat resistant. (rF++)
You are vulnerable to cold. (rC-)
You float through the air rather than walking.
You learn spells naturally, not from books.
Your magical power is your life essence.
You have superior vitality. (+4 MHP)


Message History

The quokka is moderately wounded.
The quokka barely misses you. The quokka closely misses you.
You miss the quokka.
The quokka is moderately wounded.
The quokka barely misses you.
You barely miss the quokka.
The quokka is moderately wounded.
The quokka bites you. The quokka closely misses you.
You hit the quokka but do no damage.
The quokka goes berserk!
Xom is mildly amused.
The quokka is moderately wounded.
The quokka misses you. The quokka barely misses you.
You hit the quokka but do no damage.
The quokka seems to speed up.
Xom thinks this is hilarious!
The quokka is moderately wounded.
The quokka barely misses you. The quokka bites you.
You closely miss the quokka.
The quokka is moderately wounded.
The quokka misses you. The quokka bites you.
* * * LOW HITPOINT WARNING * * *
You barely miss the quokka.
The quokka is moderately wounded.
The quokka closely misses you. x2
You miss the quokka.
The quokka is moderately wounded.
The quokka bites you.
* * * LOW HITPOINT WARNING * * *
The quokka completely misses you.
You barely miss the quokka.
The quokka is moderately wounded.
The quokka barely misses you. x2
You barely miss the quokka.
The quokka is moderately wounded.
The quokka barely misses you. The quokka bites you.
* * * LOW HITPOINT WARNING * * *
The quokka bites you but does no damage.
You miss the quokka.
The quokka is moderately wounded.
The quokka barely misses you. The quokka bites you.
You die...

## .. ####. ... #
#.# #.####.######.
#.r@..........
######..############
#..#...........
##.##.#########
#....# #.#### ###


You could see a quokka (berserk, fast, agile).

Vanquished Creatures
  A dart slug (D:1)
  An endoplasm (D:1)
  2 goblins (D:1)
  A jackal (D:1)
  A kobold (D:1)
  A quokka (D:1)
  A ball python (D:2)
  A bat (D:1)
  3 rats (D:1)
12 creatures vanquished.

Notes
Turn   | Place    | Note
-------+----------+-------------------------------------------
     0 | D:1      | SnakkuSnakku7 the Djinni Chaos Knight began the quest for
                  | the Orb.
     0 | D:1      | Reached XP level 1. HP: 20/20 MP: 0/0
    25 | D:1      | Found a faded altar of an unknown god.
   107 | D:1      | XOM: divination: detect items
   149 | D:1      | Reached skill level 1 in Spellcasting
   149 | D:1      | Reached XP level 2. HP: 25/25 MP: 0/0
   230 | D:1      | XOM: 7-stop teleportation journey
   241 | D:1      | XOM: divination: detect items
   257 | D:1      | XOM: confuse monster(s)
   486 | D:1      | XOM: noise
   820 | D:2      | HP: 1/25 [quokka (2)]
   821 | D:2      | Slain by a quokka

Illustrated notes

Levels and vault maps discovered:
D:1:      dpeg_arrival_brainrot, layout_basic, basic_ecumenical_altar,
          minmay_misc_feat_roman, minmay_misc_feat_columns
D:2:      layout_basic

Skill      XL: |  1 |
---------------+----+-----
Spellcasting   | 1 |  1.5
Fighting       | |  3.0
Long Blades    | |  2.6
Armour         | |  1.0
Dodging        | |  2.1

Action                   || total
-------------------------++-------
Melee: Falchion          ||    48
Armor: Leather armour    ||    18
Dodge: Dodged            ||    36
